 Dungeon Crawl Stone Soup version 0.23-a0-344-ge122d05 (webtiles) character file.

48 MisterFreud the Sneak (level 3, 0/22 HPs)
             Began as a Felid Artificer on Oct 19, 2018.
             Succumbed to an adder's poison
             ... on level 2 of the Dungeon.
             The game lasted 00:03:19 (1814 turns).

MisterFreud the Sneak (Felid Artificer)             Turns: 1814, Time: 00:03:19

Health: 0/22       AC: 21    Str:  9    XL:     3   Next: 50%
Magic:  6/6        EV:  4    Int: 12    God:
Gold:   82         SH:  0    Dex: 16    Spells: 2/2 levels left
                                        Lives:  0   Deaths: 0

rFire    . . .     SeeInvis +     - Unarmed
rCold    . . .     Gourm    .   (shield unavailable)
rNeg     + + +     Faith    .   (armour unavailable)
rPois    +         Spirit   .   (helmet unavailable)
rElec    .         Reflect  .   (cloak unavailable)
rCorr    .         Harm     .   (gloves unavailable)
MR       .....     NoTele   +   (boots unavailable)
Stlth    +++.......             n - amulet of regeneration
HPRegen  0.07/turn              e - ring of wizardry
MPRegen  0.10/turn              (no ring)

@: lethally poisoned (0 -> -5), tree-form
A: very small, no armour, no weapons or thrown items, stealth, see invisible,
carnivore, slow metabolism 1
a: no special abilities


You were on level 2 of the Dungeon.
You were completely stuffed.
You were a tree.
You visited 1 branch of the dungeon, and saw 2 of its levels.

You collected 82 gold pieces.

Inventory:

Jewellery
 e - a ring of wizardry (left branch)
 k - an uncursed ring of ice
 n - an amulet of regeneration (around neck)
Wands
 a - a wand of flame (14)
 b - a wand of enslavement (12)
 c - a wand of random effects (15)
Scrolls
 j - a scroll of teleportation
Potions
 g - a potion of ambrosia
 m - a potion of flight {unknown}
 o - a potion of mutation {unknown}
Comestibles
 d - 2 rations
 l - 2 chunks of flesh


   Skills:
 - Level 1.0 Fighting
 - Level 2.6 Dodging
 + Level 5.1 Stealth
 - Level 1.0 Unarmed Combat
 - Level 3.2 Evocations


You had 2 spell levels left.
You didn't know any spells.
Your spell library was empty.

Dungeon Overview and Level Annotations

Branches:
Dungeon (2/15)

Altars:
Elyvilon

Annotations:
D:2 Natasha


Innate Abilities, Weirdness & Mutations

You cannot wear armour.
You are incapable of wielding weapons or throwing items.
Your paws allow you to move quietly. (Stealth)
((You have sharp claws.))
((You have razor-sharp teeth.))
You have supernaturally acute eyesight. (SInv)
You are carnivorous and can eat meat at any time.
((You cover ground quickly.))
((You are covered in fur. (AC +1)))
You have a slow metabolism.
((Your sharp claws are effective at attacking unaware monsters.))


Message History

You barely miss the adder.
The adder is heavily wounded.
You feel sick. The adder bites you.
You closely miss the adder.
The adder is heavily wounded.
The adder barely misses you.
You miss the adder.
The adder is heavily wounded.
You feel sick. The adder closely misses you.
Unknown command.
Evoke which item? (* to show all) (? for menu, Esc to quit)
Aiming: Enslavement
Press: ? - help, Shift-Dir - straight line, f - adder
Aim: an adder (heavily wounded, chance to defeat MR: 64%)
The adder struggles to resist.
The adder bites you.
* * * LOW HITPOINT WARNING * * *
The adder misses you.
It was a potion of lignification.
You turn into a tree.
Your roots penetrate the ground.
You die...

#....<...)..##.########
#.####.###...#.# #...
#..###.####....###..#
##......# #.....#..#
####)#.# ##......## .. #.#.#
##......##...#
#b#.####..#..........
#.#.##h...........<.. #.
##.#.♣Sr#.#...........
#...###....####.#...........
#...........................
#...###..#.####.###...#...[.
#.....#..#.# #..# ###....###
#....#.# #.## #..#..
####...# #[# ...#
#...###.######.#..
#.........((#..#


You could see Natasha, an adder and a rat.

Vanquished Creatures
  2 adders (D:2)
  2 dart slugs (D:2)
  3 bats
  A giant cockroach (D:1)
  3 goblins
  2 hobgoblins (D:2)
  3 jackals (D:1)
  2 kobolds
  A ball python (D:2)
  2 frilled lizards
  3 rats
24 creatures vanquished.

Vanquished Creatures (others)
  A hobgoblin (D:2)
1 creature vanquished.

Grand Total: 25 creatures vanquished

Notes
Turn   | Place    | Note
-------+----------+-------------------------------------------
     0 | D:1      | MisterFreud the Felid Artificer began the quest for the
                  | Orb.
     0 | D:1      | Reached XP level 1. HP: 9/9 MP: 4/4
    94 | D:1      | Reached skill level 2 in Stealth
   556 | D:1      | Reached skill level 3 in Stealth
   568 | D:1      | Reached XP level 2. HP: 12/12 MP: 5/5
  1325 | D:2      | Reached skill level 4 in Stealth
  1377 | D:2      | Reached XP level 3. HP: 11/15 MP: 6/6
  1656 | D:2      | Found a white marble altar of Elyvilon.
  1676 | D:2      | Reached skill level 5 in Stealth
  1797 | D:2      | Noticed Natasha
  1814 | D:2      | Succumbed to an adder's poison

Vault maps used:
D:1:      lightli_arrival_statue_moat, minmay_misc_feat_ornament,
          roderic_serpentine_path, grunt_decor_cap, minmay_pentomino_o2
D:2:      elyvilon_altar_5, uniq_natasha

Skill      XL: |  1  2  3 |
---------------+----------+-----
Stealth        | 3 4 5 |  5.1
Fighting       | |  1.0
Dodging        | |  2.6
Unarmed Combat | |  1.0
Evocations     | |  3.2

Action                   || total
-------------------------++-------
Melee: Unarmed           ||    76
       Bite              ||     8
Evoke: Wand              ||     4
  Use: Scroll            ||     6
       Potion            ||     1
 Stab: Sleeping          ||     6
       Distracted        ||     1
  Eat: Chunk             ||     9
Armor: Skin              ||     4
Dodge: Dodged            ||    73

Table legend:
 A = Non-vault XP
 B = Vault XP
 C = Vault XP percentage of total XP
 D = Non-vault monster count
 E = Vault monster count
 F = Vault count percentage of total count
                 A         B        C        D         E       F
            +---------+---------+-------+---------+---------+-------
      Total |      68 |       1 |   1.4 |      24 |       1 |   4.0
            +---------+---------+-------+---------+---------+-------
        D:1 |      16 |       1 |   5.9 |       9 |       1 |  10.0
        D:2 |      52 |       0 |   0.0 |      15 |       0 |   0.0
            +---------+---------+-------+---------+---------+-------
